 Dungeon Crawl Stone Soup version 0.31.0-32-g396128a36d (webtiles) character file.

Game seed: 14732218331058617529

8947 Peloso the Carver (level 11, -11/95 HPs)
             Began as a Minotaur Fighter on Mar 23, 2024.
             Was a Priest of Okawaru.
             Mangled by a two-headed ogre
             ... wielding a +0 giant club
              (29 damage)
             ... on level 1 of the Lair of Beasts.
             The game lasted 00:16:10 (10922 turns).

Peloso the Carver (Minotaur Fighter)               Turns: 10922, Time: 00:16:11

Health: -11/95     AC:  5    Str: 22    XL:     11   Next: 16%
Magic:  0/10       EV: 12    Int:  5    God:    Okawaru [***...]
Gold:   647        SH:  7    Dex: 13    Spells: 10/10 levels left

rFire   . . .        a - +3 scimitar
rCold   . . .        d - +0 buckler
rNeg    + . .        c - +0 chain mail
rPois   .            (helmet currently unavailable)
rElec   .            q - melded +0 cloak
rCorr   .            (gloves currently unavailable)
SInv    .            (boots currently unavailable)
Will    .....        G - amulet of guardian spirit
Stlth   +            l - ring of positive energy
HPRegen 0.35/turn    (no ring)
MPRegen 0.12/turn

%: guardian spirit
@: beast-form, heroic, corroded
A: beast (slay +1), horns 2, retaliatory headbutt
a: Begin Untransformation, Renounce Religion, Heroism


You were on level 1 of the Lair of Beasts.
You worshipped Okawaru.
Okawaru was most pleased with you.
You were a hulking beast.
You visited 3 branches of the dungeon, and saw 12 of its levels.

You collected 734 gold pieces.
You spent 87 gold pieces at shops.

Inventory:

Hand Weapons
 a - a +3 scimitar (weapon)
 b - a +0 whip of flaming
Armour
 c - a +0 chain mail (worn)
 d - a +0 buckler (worn)
 q - a +0 cloak (melded)
Jewellery
 l - a ring of positive energy (left hand)
 G - an amulet of guardian spirit (around neck)
 M - an amulet of magic regeneration
Talismans
 k - a storm talisman
 r - a flux talisman
 A - a beast talisman (active)
Wands
 o - a wand of flame (30)
 v - a wand of mindburst (12)
 y - a wand of polymorph (7)
 D - a wand of paralysis (8)
 I - a wand of light (4)
Scrolls
 f - a scroll of blinking
 g - 2 scrolls of enchant weapon
 i - 2 scrolls of fear
 j - 5 scrolls of revelation
 n - a scroll of vulnerability {unknown}
 s - 2 scrolls of butterflies {unknown}
 t - a scroll of amnesia {unknown}
 z - 5 scrolls of identify
 B - a scroll of fog
 J - a scroll of poison
 K - a scroll of enchant armour {unknown}
 L - a scroll of acquirement {unknown}
Potions
 e - a potion of attraction
 h - 5 potions of might
 m - 2 potions of haste
 p - 2 potions of magic
 u - a potion of brilliance
 w - 2 potions of resistance
 x - 2 potions of heal wounds
 C - a potion of cancellation {unknown}
 E - a potion of curing {unknown}
 H - a potion of mutation {unknown}


   Skills:
 + Level 8.6(13.6) Fighting
 + Level 13.2(18.2) Long Blades
 + Level 10.9(15.9) Armour
 + Level 3.6(8.6) Dodging
 + Level 2.4(7.4) Stealth
 + Level 7.7(12.7) Shields
 + Level 0.9 Evocations
 + Level 2.4 Shapeshifting


You had 10 spell levels left.
You didn't know any spells.
Your spell library contained the following spells:

 Spells                   Type           Power      Damage    Failure   Level
 Sandblast                Erth           0%         2d4       91%         1
 Shock                    Conj/Air       0%         1d3       91%         1
 Inner Flame              Hex/Fire       0%         N/A       100%        3
 Passwall                 Erth           0%         N/A       100%        3
 Sigil of Binding         Hex            0%         N/A       100%        3
 Stone Arrow              Conj/Erth      0%         3d7       100%        3
 Swiftness                Air            0%         N/A       100%        3
 Airstrike                Air            0%         2d(0-16)  100%        4
 Brom's Barrelling Bould  Conj/Erth      0%         2d3       100%        4
 Cause Fear               Hex            0%         N/A       100%        4
 Dimensional Bullseye     Hex/Tloc       0%         N/A       100%        4
 Flame Wave               Conj/Fire      0%         2d4       100%        4
 Sticky Flame             Fire/Alch      0%         2d4       100%        4
 Fireball                 Conj/Fire      0%         3d3       100%        5
 Call Canine Familiar     Summ           Unusable   N/A       N/A         3
 Dragon's Call            Summ           Unusable   N/A       N/A         9

Dungeon Overview and Level Annotations

Branches:
Dungeon (10/15)            Temple (1/1) D:7            Lair (1/5) D:10
    Orc: D:9-12

Altars:
Ashenzari
Dithmenos
Elyvilon
Fedhas
Gozag
Hepliaklqana
Kikubaaqudgha
Makhleb
Nemelex Xobeh
Okawaru
Qazlal
Ru
Sif Muna
Trog
Uskayaw
Vehumet
Wu Jian
Xom
Zin
The Shining One

Shops:
D:3 =*:*

Annotations:
D:10 1 runed translucent door, DildoBatman's ghost, journeyman FoCj


Innate Abilities, Weirdness & Mutations

You are a hulking beast.
Your limbs bulge with bestial killing power. (Slay +1)
You have a pair of horns on your head.
You reflexively headbutt those who attack you in melee.


Message History

You see here a scroll of revelation.
There is a staircase to the Lair here.
You see here a scroll of revelation.
j - 5 scrolls of revelation (gained 1)
You start resting.
A two-headed ogre is nearby!
There is a staircase to the Lair here.
You hit the two-headed ogre but do no damage.
You block the two-headed ogre's attack. x2
You closely miss the two-headed ogre. You hit the two-headed ogre.
The two-headed ogre is lightly wounded.
You block the two-headed ogre's attack. x2
You barely miss the two-headed ogre.
You headbutt the two-headed ogre, but do no damage.
The two-headed ogre is lightly wounded.
You barely miss the two-headed ogre. You headbutt the two-headed ogre.
The two-headed ogre is lightly wounded.
The two-headed ogre barely misses you. You furiously retaliate!
You headbutt the two-headed ogre. The two-headed ogre closely misses you.
You hit the two-headed ogre.
You headbutt the two-headed ogre, but do no damage.
The two-headed ogre is moderately wounded.
You hit the two-headed ogre but do no damage.
The two-headed ogre is moderately wounded.
The two-headed ogre hits you with a +0 giant club!!
You block the two-headed ogre's attack.
There is a staircase to the Lair here.
The two-headed ogre hits you with a +0 giant club!
You block the two-headed ogre's attack.
You climb downwards.
Welcome to the Lair of Beasts!
Reactivating autopickup.
Found 21 gold pieces.
There is a staircase back to the Dungeon here.
Unknown command.
You gain the combat prowess of a mighty hero.
The two-headed ogre hits you with a +0 giant club!!
* * * LOW HITPOINT WARNING * * *
The two-headed ogre hits you with a +0 giant club!!
You die...

.. #########.
...#...$....#
...#.....$..#
............# .
............#..
...............
...P..O.....#
#...h....#
###..#+##...
..... #######


You could see a two-headed ogre.

Vanquished Creatures
  2 two-headed ogres
  Pikel (D:5)
  A komodo dragon (D:10)
  A troll (D:10)
  A wyvern (D:9)
  9 yaks
  2 steam dragons
  3 acid dragons (D:9)
  2 water moccasins (D:7)
  Duvessa (D:4)
  2 orc warriors (D:7)
  3 ice beasts
  3 black bears (D:7)
  A sky beast (D:7)
  An ogre (D:6)
  A centaur (D:5)
  3 wolves (D:10)
  2 lemures (D:5)
  4 kobold brigands
  7 bullfrogs
  2 scorpions
  9 wights
  Dowan (D:4)
  16 killer bees
  A howler monkey (D:7)
  2 electric eels (D:10)
  8 orc priests
  2 bombardier beetles
  9 hounds
  4 jellies
  A sleepcap (D:5)
  Jessica (D:3)
  3 iguanas
  3 orc wizards
  7 gnolls (D:6)
  3 adders
  4 white imps
  3 dart slugs
  3 ribbon worms
  25 orcs
  7 bats
  5 endoplasms
  A giant cockroach (D:3)
  11 goblins
  7 hobgoblins
  16 kobolds
  5 quokkas
  5 ball pythons
  2 frilled lizards (D:1)
  5 rats
221 creatures vanquished.

Notes
Turn   | Place    | Note
-------+----------+-------------------------------------------
     0 | D:1      | Peloso the Minotaur Fighter began the quest for the Orb.
     0 | D:1      | Reached XP level 1. HP: 19/19 MP: 0/0
   492 | D:1      | Reached XP level 2. HP: 27/27 MP: 1/1
   998 | D:2      | Reached skill level 3 in Long Blades
  1179 | D:2      | Reached XP level 3. HP: 32/33 MP: 2/2
  1820 | D:3      | Found Acioxypp's General Store.
  1827 | D:3      | Reached skill level 4 in Long Blades
  1827 | D:3      | Reached XP level 4. HP: 40/40 MP: 3/3
  1939 | D:3      | Found Unosaell's Assorted Antiques.
  1984 | D:3      | Found Ecleoc's Book Boutique.
  1985 | D:3      | Bought a scroll labelled ZUTHYI ABLUCVU for 30 gold pieces
  1985 | D:3      | Bought a scroll labelled ZUTHYI ABLUCVU for 30 gold pieces
  1985 | D:3      | Bought a viscous cyan potion for 27 gold pieces
  2026 | D:3      | Found Mate's Jewellery Emporium.
  2138 | D:3      | Found a faded altar of an unknown god.
  2180 | D:3      | Noticed Jessica
  2199 | D:3      | Killed Jessica
  2200 | D:3      | Reached skill level 1 in Dodging
  2527 | D:3      | Reached XP level 5. HP: 40/46 MP: 4/4
  2529 | D:3      | Reached skill level 5 in Long Blades
  2672 | D:4      | Reached skill level 5 in Armour
  2672 | D:4      | Reached XP level 6. HP: 28/53 MP: 5/5
  2702 | D:4      | Reached skill level 6 in Long Blades
  2908 | D:4      | Noticed Dowan
  2909 | D:4      | Noticed Duvessa
  2918 | D:4      | Killed Duvessa
  2933 | D:4      | Killed Dowan
  3208 | D:4      | Reached XP level 7. HP: 56/60 MP: 6/6
  3558 | D:5      | Entered Level 5 of the Dungeon
  3608 | D:5      | Reached skill level 7 in Long Blades
  3778 | D:5      | Noticed Pikel
  3830 | D:5      | Killed Pikel
  3831 | D:5      | Reached skill level 5 in Fighting
  3831 | D:5      | Reached skill level 8 in Long Blades
  3831 | D:5      | Reached skill level 5 in Shields
  3831 | D:5      | Reached XP level 8. HP: 47/68 MP: 7/7
  4402 | D:6      | Reached skill level 9 in Long Blades
  5088 | D:6      | Reached XP level 9. HP: 28/75 MP: 8/8
  5576 | D:7      | Reached skill level 10 in Long Blades
  5897 | D:7      | Found a staircase to the Ecumenical Temple.
  5967 | Temple   | Entered the Ecumenical Temple
  5977 | Temple   | Became a worshipper of Warmaster Okawaru
  6165 | D:7      | Reached skill level 11 in Long Blades
  6598 | D:7      | Reached * piety under Okawaru
  7092 | D:7      | Reached XP level 10. HP: 69/86 MP: 9/9
  7827 | D:8      | Noticed a two-headed ogre
  7841 | D:8      | Killed a two-headed ogre
  7842 | D:8      | Reached skill level 12 in Long Blades
  7842 | D:8      | Reached skill level 10 in Armour
  7842 | D:8      | Reached skill level 1 in Stealth
  7922 | D:8      | Reached skill level 1 in Shapeshifting
  8267 | D:8      | Found an ancient bone altar of Kikubaaqudgha.
  8640 | D:9      | Noticed a two-headed ogre
  8647 | D:9      | Killed a two-headed ogre
  8647 | D:9      | Reached ** piety under Okawaru
  9254 | D:9      | Found an opulent altar of Gozag.
  9256 | D:9      | Found a bloodstained altar of Trog.
  9726 | D:9      | Reached skill level 13 in Long Blades
  9829 | D:9      | Found a burning altar of Makhleb.
 10186 | D:10     | Entered Level 10 of the Dungeon
 10209 | D:10     | Reached XP level 11. HP: 73/95 MP: 8/10
 10327 | D:10     | Reached *** piety under Okawaru
 10663 | D:10     | Found a runed translucent door.
 10665 | D:10     | Noticed DildoBatman's ghost (journeyman FoCj)
 10665 | D:10     | Noticed a six-headed hydra
 10876 | D:10     | Noticed a two-headed ogre
 10876 | D:10     | Noticed a two-headed ogre
 10879 | D:10     | Found a staircase to the Lair.
 10921 | Lair:1   | Entered Level 1 of the Lair of Beasts
 10922 | Lair:1   | Mangled by a two-headed ogre

Illustrated notes

Levels and vault maps discovered:
D:1:      pf_arrival_petrified_forest, layout_loops_cross, serial_bayou,
          serial_bayou_shore_b, serial_bayou_lake_a, serial_bayou_ford_a,
          serial_bayou_pond_d, serial_bayou_shore_a, minivault_27, minivault_23,
          minmay_heptomino_d4
D:2:      layout_basic, st_stairs_3
D:3:      corexii_shack_village, layout_rooms, serial_shops, shop, shop, shop,
          nicolae_shop_window_shopping,
          dreamdust_ecumenical_altar_angels_and_demons, uniq_jessica
D:4:      layout_loops_ring, grunt_ministairs_13, uniq_duvessa
D:5:      layout_basic, bh_walls_and_bars, uniq_pikel
D:6:      layout_basic
D:7:      minmay_razor_zed, layout_loops_corners,
          minmay_temple_entry_mini_moons, st_stairs_1
D:8:      layout_loops_corners, amcnicky_altar_gilded
D:9:      layout_stronghold, nicolae_overflow_hidden_temple
D:10:     layout_cave_pools, cheibrodos_worm_habitat, erik_lair_island,
          ebering_ghost_inner_flame, nicolae_phantomly_mirrored
Temple:   nicolae_temple_slightly_damp_pantheon
Lair:1:   layout_regular_city

Skill      XL: |  1  2  3  4  5  6  7  8  9 10 |
---------------+-------------------------------+-----
Fighting       | 4 5 7 8 |  8.6
Long Blades    | 3 4 5 6 8 9 11 13 | 13.2
Armour         | 4 5 7 8 9 10 | 10.9
Dodging        | 1 2 3 |  3.6
Shields        | 4 5 6 7 |  7.7
Stealth        | 2 |  2.4
Shapeshifting  | 2 |  2.4
Evocations     | |  0.9

Action                     |  1- 3 |  4- 6 |  7- 9 | 10-12 || total
---------------------------+-------+-------+-------+-------++-------
  Melee: Long sword        |   105 |    89 |   335 |    18 ||   547
         Headbutt          |     7 |    18 |    69 |    45 ||   139
         Scimitar          |       |       |       |   199 ||   199
 Invoke: Heroism           |       |       |     1 |     1 ||     2
  Evoke: Wand              |       |       |       |     9 ||     9
    Use: Scroll            |     5 |     2 |     4 |     3 ||    14
         Potion            |     2 |     2 |       |       ||     4
   Stab: Paralysed         |       |       |       |     6 ||     6
 Armour: Scale mail        |     7 |       |       |       ||     7
         Chain mail        |    80 |   106 |   227 |   157 ||   570
  Dodge: Dodged            |    42 |    41 |   128 |    78 ||   289
  Block: Buckler           |    31 |    13 |    81 |    74 ||   199
   Form: Beast             |       |       |       |     1 ||     1
